 Dungeon Crawl Stone Soup version 0.14-a0-2381-g4cacdb4 (webtiles) character file.

14146 Mitsuki the Arsonist (level 11, -6/74 HPs)
             Began as a Purple Draconian Fire Elementalist on Feb 2, 2014.
             Was a High Priest of Vehumet.
             Mangled by a freezing wraith (9 damage)
             ... in an ice cave.
             The game lasted 01:41:10 (20363 turns).

Mitsuki the Arsonist (DrFE)                        Turns: 20363, Time: 01:41:10

HP  -6/74        AC 10     Str 11      XL: 11   Next: 78%
MP   3/29        EV 12     Int 21      God: Vehumet [*****.]
Gold 508         SH  0     Dex  8 (10) Spells:  9 memorised,  1 level left

rFire  . . .     SeeInvis .     s - staff of air
rCold  + . .     Clarity  .     (armour unavailable)
rNeg   . . .     Conserve .     (no shield)
rPois  .         rCorr    .     (helmet restricted)
rElec  +         rRot     .     w - +2 orc cloak {+Inv}
SustAb . .       Spirit   .     (no gloves)
rMut   .         Warding  .     (no boots)
Saprov . . .     Stasis   .     (no amulet)
MR     +....                    z - +5 ring of intelligence
                                r - cursed ring of protection from cold

@: short of breath, somewhat resistant to hostile enchantments, unstealthy
A: breathe power, unfitting armour, claws 1, clumsy 1, dopey 1, AC +7
a: Breathe Dispelling Energy, Renounce Religion, Evoke Invisibility


You were in an ice cave.
You worshipped Vehumet.
Vehumet was extremely pleased with you.
You were full.

You visited 2 branches of the dungeon, and saw 12 of its levels.
You also visited: Ice Cave.

You collected 508 gold pieces.

Inventory:

Armour
 k - a +0 troll leather armour
 w - a +2 orcish cloak of darkness (worn)
Magical devices
 f - a wand of confusion (1)
 l - a wand of polymorph (3)
 m - a wand of flame (0)
 n - a wand of digging (9)
 C - a wand of draining (0)
 D - a wand of disintegration (7)
 E - a wand of paralysis (7)
 K - a wand of paralysis (12)
Comestibles
 c - 4 bread rations
 h - 3 meat rations
Scrolls
 a - 3 scrolls of identify
 d - 7 scrolls of remove curse
 g - a scroll of enchant weapon II
 i - a scroll of immolation
 B - 2 scrolls of recharging
Jewellery
 q - the ring "Blofim" {+/*Tele Str+3 Int+1}
   (You found it on level 8 of the Dungeon)

   [ring of teleportation]

   It affects your strength (+3).
   It affects your intelligence (+1).
 r - a cursed ring of protection from cold (left claw)
 x - an uncursed amulet of stasis
 z - a +5 ring of intelligence (right claw)
Books
 b - a book of Flames

   Spells                             Type                      Level
   *Flame Tongue                      Conjuration/Fire             1
   Throw Flame                        Conjuration/Fire             2
   *Conjure Flame                     Conjuration/Fire             3
   Inner Flame                        Hexes/Fire                   3
   *Sticky Flame                      Conjuration/Fire             4
   *Fireball                          Conjuration/Fire             5
 j - a book of Flames

   Spells                             Type                      Level
   *Flame Tongue                      Conjuration/Fire             1
   Throw Flame                        Conjuration/Fire             2
   *Conjure Flame                     Conjuration/Fire             3
   Inner Flame                        Hexes/Fire                   3
   *Sticky Flame                      Conjuration/Fire             4
   *Fireball                          Conjuration/Fire             5
 u - a book of Burglary

   Spells                             Type                      Level
   *Apportation                       Translocation                1
   *Swiftness                         Charms/Air                   2
   *Passwall                          Transmutation/Earth          3
   Passage of Golubria                Translocation                4
   Lee's Rapid Deconstruction         Earth                        5
   Darkness                           Hexes                        7
 y - a book of Power

   Spells                             Type                      Level
   Iskenderun's Mystic Blast          Conjuration                  4
   Venom Bolt                         Conjuration/Poison           5
   *Bolt of Magma                     Conjuration/Fire/Earth       5
   Fulminant Prism                    Conjuration/Hexes            5
   Iron Shot                          Conjuration/Earth            6
   Orb of Destruction                 Conjuration                  7
Magical staves
 s - an uncursed staff of air (weapon)
Miscellaneous
 I - a box of beasts


   Skills:
 - Level 1.7 Dodging
 - Level 1.7 Stealth
 - Level 10.3 Spellcasting
 - Level 7.6 Conjurations
 * Level 14.6 Fire Magic


You had one spell level left.
You knew the following spells:

 Your Spells              Type           Power        Failure   Level  Hunger
a - Flame Tongue          Conj/Fire      #####        1%          1    None
b - Sticky Flame          Conj/Fire      ######..     1%          4    ##.....
c - Conjure Flame         Conj/Fire      ######..     1%          3    None
d - Fireball              Conj/Fire      ######....   1%          5    ####...
e - Apportation           Tloc           ##........   8%          1    None
f - Passwall              Trmt/Erth      #.........   21%         3    None
g - Swiftness             Chrm/Air       ###.....     12%         2    None
h - Bolt of Magma         Conj/Fire/Erth ###.......   2%          5    ####...
i - Lightning Bolt        Conj/Air       #####.....   12%         5    ####...


Dungeon Overview and Level Annotations

Branches:
Dungeon (11/16)            Temple (1/1) D:7             Orc (0/4) D:9
   Lair (0/8) D:11

Altars:
Ashenzari
Cheibriados
Dithmengos
Elyvilon
Fedhas
Kikubaaqudgha
Makhleb
Nemelex Xobeh
Okawaru
Sif Muna
Trog
Vehumet
Xom
Yredelemnul
Zin
The Shining One

Shops:
D:4 }   D:7 }*   D:8 ?   D:9 !/[(*   D:11 *

Annotations:
D:2 Terence


Innate Abilities, Weirdness & Mutations

You can breathe bolts of energy.
You can dispel enchantments when you breathe energy.
Your rich purple scales are hard (AC +7).
Your body does not fit into most forms of armour.
Your cold-blooded metabolism reacts poorly to cold.
You have sharp fingernails.
You are clumsy. (Dex -2)
You are dopey. (Int -2)


Message History

The freezing wraith is moderately damaged.
You feel somewhat less full. The freezing wraith hits you.
* * * LOW HITPOINT WARNING * * *
The freezing wraith freezes you! You resist.
* * * LOW HITPOINT WARNING * * *
You aren't carrying any potions.
Evoke which item? (* to show all) (? for menu, Esc to quit)
You open the lid... ...but nothing happens.
You aren't carrying any potions.
Evoke which item? (* to show all) (? for menu, Esc to quit)
Zapping:
E - a wand of paralysis {zapped: 3}
Press: ? - help, Shift-Dir - straight line, f/p - freezing wraith
Aim: a freezing wraith (moderately damaged)
The freezing wraith easily resists.
The freezing wraith barely misses you.
Evoke which item? (* to show all) (? for menu, Esc to quit)
Zapping:
E - a wand of paralysis {zapped: 4}
Press: ? - help, Shift-Dir - straight line, f/p - freezing wraith
Aim: a freezing wraith (moderately damaged)
The freezing wraith easily resists.
The freezing wraith hits you!
You die...

##...##
##..∩..##
#.......#
#...∩...#
##.....##
##...##
##...# #...##
#..@##
##.W.##
##...# ##..#
##.§## #..##
##..####
##.#....#.##
#..........##


You could see a freezing wraith.

Vanquished Creatures
  2 hill giants (D:10)
  Joseph (D:8)
  A wizard (D:9)
  4 lindwurms (D:8)
  Psyche (D:10)
  4 trolls
  2 wolf spider simulacra (IceCv)
  A two-headed ogre (D:10)
  3 wyverns
  A yak (D:9)
  A wraith (D:11)
  A hungry ghost (D:9)
  A death yak simulacrum (IceCv)
  2 hippogriffs
  A soldier ant (D:8)
  2 sky beasts
  5 orc warriors
  5 freezing wraiths (IceCv)
  10 ice beasts
  4 centaurs
  2 ogres
  4 phantoms
  A yellow wasp (D:11)
  A giant slug (D:8)
  A brain worm (D:8)
  2 water moccasins (D:9)
  4 giant frogs
  6 killer bees
  A cyclops skeleton (D:10)
  3 electric eels (D:9)
  An elephant simulacrum (IceCv)
  A jellyfish (D:9)
  A spider (D:8)
  7 wights
  2 crimson imps
  2 goliath beetles
  A giant frog zombie (D:6)
  A giant frog skeleton (D:4)
  A centaur zombie (D:9)
  8 jellies
  8 orc priests
  A gnoll shaman (D:7)
  A quasit (D:8)
  7 hounds
  6 scorpions
  4 iguanas
  11 orc wizards
  7 worker ants
  A sheep (D:11)
  A crocodile skeleton (D:7)
  An ogre skeleton (D:8)
  A big kobold skeleton (D:10)
  A lemure (D:5)
  14 adders
  2 giant centipedes (D:8)
  9 gnolls
  A worm zombie (D:7)
  11 white imps
  5 giant mites
  A goliath beetle zombie (D:6)
  2 worms
  2 giant eyeballs
  An ooze (D:7)
  37 orcs
  4 ball pythons
  19 bats
  3 bat skeletons (D:5)
  2 bat zombies (D:5)
  4 giant cockroaches
  12 goblins
  17 hobgoblins
  30 jackals
  18 kobolds
  4 quokkas
  4 giant geckos
  7 giant newts
  3 giant spores
  A jackal skeleton (D:4)
  2 kobold skeletons
  A kobold zombie (D:7)
  3 orc skeletons
  10 rats
  2 ballistomycetes
383 creatures vanquished.

Vanquished Creatures (collateral kills)
  An electric eel (D:9)
1 creature vanquished.

Vanquished Creatures (others)
  A hound (D:9)
  An orc wizard (D:10)
  A giant gecko (D:9)
  An orc (D:10)
  A goblin (D:7)
  2 bats
  An orc skeleton (D:9)
  A rat (D:7)
9 creatures vanquished.

Grand Total: 393 creatures vanquished

Notes
Turn   | Place    | Note
--------------------------------------------------------------
     0 | D:1      | Mitsuki, the Draconian Fire Elementalist, began the quest for the Orb.
     0 | D:1      | Reached XP level 1. HP: 14/14 MP: 3/3
   218 | D:1      | Reached XP level 2. HP: 20/20 MP: 2/4
  1057 | D:1      | Reached XP level 3. HP: 23/26 MP: 0/6
  1597 | D:2      | Reached XP level 4. HP: 30/33 MP: 3/7
  1683 | D:2      | Reached skill level 4 in Conjurations
  2167 | D:2      | Learned a level 4 spell: Sticky Flame
  2550 | D:2      | Noticed Terence
  3383 | D:3      | Reached XP level 5. HP: 35/38 MP: 1/9
  3458 | D:3      | Learned a level 3 spell: Conjure Flame
  3659 | D:3      | Reached skill level 5 in Conjurations
  5257 | D:4      | Found Reapp's Gadget Shop.
  5549 | D:4      | Reached skill level 6 in Conjurations
  5664 | D:4      | Reached XP level 6. HP: 45/45 MP: 4/10
  6296 | D:5      | Entered Level 5 of the Dungeon
  6805 | D:5      | Found a snail-covered altar of Cheibriados.
  6862 | D:4      | HP: 1/45 [something/puff of flame (6)]
  7137 | D:5      | Reached skill level 7 in Conjurations
  7239 | D:5      | Found a blossoming altar of Fedhas.
  7572 | D:5      | Found an ancient bone altar of Kikubaaqudgha.
  7669 | D:5      | Your scales start taking on a rich purple colour.
  7669 | D:5      | Reached XP level 7. HP: 50/50 MP: 3/12
  8222 | D:5      | Found a bloodstained altar of Trog.
  8761 | D:5      | Reached skill level 5 in Fire Magic
  9129 | D:6      | Reached XP level 8. HP: 52/57 MP: 8/14
 10089 | D:6      | Found a deep blue altar of Sif Muna.
 10449 | D:7      | Found a staircase to the Ecumenical Temple.
 10458 | Temple   | Entered the Ecumenical Temple
 10566 | Temple   | Became a worshipper of Vehumet
 10887 | D:7      | Found a white marble altar of Elyvilon.
 10931 | D:7      | Found Zin's Purification Station.
 10934 | D:7      | Found a glowing silver altar of Zin.
 11178 | D:6      | Reached skill level 8 in Fire Magic
 11623 | D:7      | Found Ywofeher's Gadget Shoppe.
 11705 | D:7      | Noticed a troll
 11711 | D:7      | Learned a level 5 spell: Fireball
 11722 | D:7      | Killed a troll
 11989 | D:7      | Reached XP level 9. HP: 62/62 MP: 5/20
 12008 | D:7      | Found a shimmering altar of Xom.
 12368 | D:7      | Reached skill level 5 in Spellcasting
 12445 | D:7      | Acquired Vehumet's first power
 12445 | D:7      | Offered knowledge of Sandblast by Vehumet.
 12445 | D:7      | Reached skill level 9 in Fire Magic
 12996 | D:8      | Found Unubeiwk's Magic Scroll Emporium.
 13103 | D:8      | Noticed Joseph
 13128 | D:8      | Killed Joseph
 13345 | D:8      | Noticed a lindwurm
 13348 | D:8      | Noticed a lindwurm
 13356 | D:8      | Noticed a lindwurm
 13359 | D:8      | Noticed a lindwurm
 13543 | D:8      | Killed a lindwurm
 13543 | D:8      | Reached skill level 10 in Fire Magic
 13547 | D:8      | Killed a lindwurm
 13547 | D:8      | Reached XP level 10. HP: 32/69 MP: 0/26
 13547 | D:8      | Killed a lindwurm
 13803 | D:8      | Killed a lindwurm
 14016 | D:8      | Reached skill level 11 in Fire Magic
 14241 | D:8      | Offered knowledge of Searing Ray by Vehumet.
 14541 | D:8      | Found a shadowy altar of Dithmengos.
 14976 | D:8      | Got a shimmering turquoise ring
 14990 | D:8      | Identified the ring "Blofim" {+/*Tele Str+3 Int+1} (You found it on level 8 of the Dungeon)
 15408 | D:8      | Learned a level 1 spell: Apportation
 15412 | D:8      | Learned a level 3 spell: Passwall
 15415 | D:8      | Learned a level 2 spell: Swiftness
 15757 | D:9      | Found Eciasat's Distillery.
 15891 | D:9      | Gained mutation: You are clumsy. (Dex -2) [potion of mutation]
 15891 | D:9      | Gained mutation: You are dopey. (Int -2) [potion of mutation]
 15891 | D:9      | Gained mutation: You have sharp fingernails. [potion of mutation]
 15951 | D:9      | Found a staircase to the Orcish Mines.
 16039 | D:9      | Reached skill level 10 in Spellcasting
 16059 | D:9      | Found Urghuenur's Weapon Shop.
 16090 | D:9      | Found Guguc's Armour Emporium.
 16302 | D:9      | Found Gabom's Magical Wand Boutique.
 16356 | D:9      | Found Daeklull's General Store.
 16369 | D:9      | Reached skill level 12 in Fire Magic
 16398 | D:9      | Offered knowledge of Dazzling Spray by Vehumet.
 16872 | D:9      | Acquired Vehumet's second power
 16885 | D:9      | Reached XP level 11. HP: 74/74 MP: 16/29
 16921 | D:9      | Paralysed by a giant eyeball for 4 turns
 17026 | D:9      | Found a glowing golden altar of the Shining One.
 17135 | D:9      | Noticed a wizard
 17135 | D:9      | Paralysed by a wizard for 5 turns
 17142 | D:9      | Killed a wizard
 17212 | D:9      | Noticed a large abomination
 17212 | D:9      | Noticed a large abomination
 17212 | D:9      | Noticed a large abomination
 17212 | D:9      | Noticed a large abomination
 17212 | D:9      | Noticed a large abomination
 17359 | D:10     | Entered Level 10 of the Dungeon
 17366 | D:10     | Learned a level 5 spell: Bolt of Magma
 17991 | D:10     | Offered knowledge of Olgreb's Toxic Radiance by Vehumet.
 18034 | D:10     | Noticed Psyche
 18040 | D:10     | Killed Psyche
 18040 | D:10     | Reached skill level 13 in Fire Magic
 18465 | D:10     | Noticed a hill giant
 18481 | D:10     | Killed a hill giant
 19020 | D:10     | Noticed a hill giant
 19026 | D:10     | Killed a hill giant
 19026 | D:10     | Acquired Vehumet's third power
 19409 | D:11     | Found Ysai's General Store.
 19642 | D:11     | Offered knowledge of Lightning Bolt by Vehumet.
 19680 | D:11     | Reached skill level 14 in Fire Magic
 19734 | D:11     | Found a snail-covered altar of Cheibriados.
 19800 | D:11     | Found a staircase to the Lair.
 20157 | D:11     | Found a frozen archway.
 20165 | IceCv    | Entered an ice cave
 20253 | IceCv    | Learned a level 5 spell: Lightning Bolt
 20312 | IceCv    | Offered knowledge of Force Lance by Vehumet.
 20360 | IceCv    | HP: 3/74 [freezing wraith (7)]
 20363 | IceCv    | Mangled by a freezing wraith

Action                   |  1- 3 |  4- 6 |  7- 9 | 10-12 || total
-------------------------+-------+-------+-------+-------++-------
Melee: Unarmed           |    39 |   106 |   358 |    32 ||   535
       Staff             |       |       |       |     3 ||     3
 Cast: Flame Tongue      |    58 |   194 |   238 |   295 ||   785
       Conjure Flame     |       |    15 |    14 |    36 ||    65
       Sticky Flame      |       |     1 |    15 |    30 ||    46
       Fireball          |       |       |    18 |    65 ||    83
       Swiftness         |       |       |       |     1 ||     1
       Passwall          |       |       |       |     1 ||     1
       Bolt of Magma     |       |       |       |     8 ||     8
 Abil: Breathe Dispellin |       |       |     2 |     5 ||     7
Evoke: Wand              |       |       |    31 |     6 ||    37
       Box of beasts     |       |       |       |     1 ||     1
  Use: Scroll            |       |     4 |     7 |    15 ||    26
       Potion            |       |     5 |     4 |    12 ||    21
 Stab: Paralysed         |       |       |       |     5 ||     5
